[Event "Titled Tuesday Blitz July 13 2021"]
[White "Belyakov, Bogdan"]
[Black "Wagner, Dinara"]
[WhiteFideId "24104795"]
[BlackFideId "24157570"]
[WhiteElo "2407"]
[BlackElo "2260"]
[Result "0-1"]
[Round "10"]
[TimeControl "180+1"]
[Date "2021.07.13"]
[WhiteClock "0:00:01"]
[BlackClock "0:00:09"]

1. e4 c5 2. c3 d5 3. exd5 Qxd5 4. d4 Nf6 5. Nf3 e6 6. Bd3 Nc6 7. O-O Be7 8. Na3 O-O 9. Nb5 Qd8 10. dxc5 Bxc5 11. b4 Be7 12. a3 e5 13. Bc2 Be6 14. Qxd8 Raxd8 15. a4 a6 16. Na3 Nd5 17. Bb2 f6 18. Rfe1 Nf4 19. Re3 Nd5 20. Ree1 Nf4 21. Rad1 Rxd1 22. Rxd1 Bg4 23. Rd2 Rc8 24. Ne1 Nxb4 25. Bb3+ Kh8 26. f3 Bf5 27. g4 Nbd3 28. Nxd3 Bxd3 29. Nc2 Bc5+ 30. Kh1 Be2 31. Ne1 Be3 32. Rd7 Bf2 33. Bd1 Bxe1 34. Bxe2 Nxe2 35. Rxb7 Bxc3 36. Bxc3 Nxc3 37. Rb6 Ra8 38. Kg2 Kg8 39. Kf2 Nd5 40. Rd6 Nf4 41. Ke3 h5 42. gxh5 Nxh5 43. Ke4 Nf4 44. Kf5 Kh7 45. h4 Kh6 46. Rb6 Kh5 47. Rb7 Kh6 48. a5 Rf8 49. Rb6 Ra8 50. Rb7 Kh7 51. Rc7 Nd5 52. Rd7 Nb4 53. Rd6 Rc8 0-1


[Site "https://www.chess.com"]

[Event "Titled Tuesday Blitz July 13 2021"]
[White "Bilych, Olexiy"]
[Black "Stoyanov, Tsvetan"]
[WhiteFideId "14156504"]
[BlackFideId "2917173"]
[WhiteElo "2246"]
[BlackElo "2198"]
[Result "1/2-1/2"]
[Round "10"]
[TimeControl "180+1"]
[Date "2021.07.13"]
[WhiteClock "0:00:18"]
[BlackClock "0:00:23"]

1. e4 e5 2. Nf3 Nc6 3. Bc4 Nf6 4. d3 Bc5 5. c3 O-O 6. O-O d6 7. Re1 h6 8. h3 a6 9. a4 Ba7 10. a5 Be6 11. Bxe6 fxe6 12. d4 exd4 13. cxd4 e5 14. Qb3+ Kh7 15. Qxb7 Nxd4 16. Nxd4 Bxd4 17. Be3 Bxe3 18. Rxe3 Nd7 19. Nc3 Nc5 20. Qd5 Rb8 21. Re2 Nb3 22. Rd1 Nd4 23. Rxd4 exd4 24. Qxd4 Qf6 25. Qd3 Qe5 26. Qxa6 Ra8 27. Qc4 Qxa5 28. g3 Qa6 29. Qd4 Rab8 30. Rd2 Qb6 31. Qc4 Rf3 32. Kg2 Rbf8 33. Nd1 R3f6 34. Ne3 Qa5 35. Rc2 Qe1 36. Ng4 R6f7 37. Re2 Qb1 38. Rc2 h5 39. Ne3 Qe1 40. Nf5 g6 41. Re2 Qd1 42. Ne3 Qb1 43. Nd5 Qd1 44. Ne3 Qb1 45. Nd5 Qd1 46. Ne3 1/2-1/2


[Site "https://www.chess.com"]

[Event "Titled Tuesday Blitz July 13 2021"]
[White "Borsuk, Konstantin"]
[Black "Martinez Reyes, Pedro Ramon"]
[WhiteFideId "14113406"]
[BlackFideId "3901807"]
[WhiteElo "2363"]
[BlackElo "2398"]
[Result "1/2-1/2"]
[Round "10"]
[TimeControl "180+1"]
[Date "2021.07.13"]
[WhiteClock "0:01:07"]
[BlackClock "0:00:44"]

1. d4 d5 2. c4 dxc4 3. Nf3 Nf6 4. e3 e6 5. Bxc4 c5 6. O-O Nc6 7. dxc5 Bxc5 8. Qxd8+ Kxd8 9. a3 Ke7 10. b4 Bd6 11. Bb2 Bd7 12. Nbd2 Rhc8 13. Rfc1 Kf8 14. Bd3 Be7 15. Kf1 h6 16. Ke2 Be8 17. Rc2 a6 18. Nc4 Rd8 19. Nb6 Rab8 20. Ne5 Bd6 21. f4 Bxe5 22. Bxe5 Nxe5 23. fxe5 Nd5 24. Nc4 Bb5 25. a4 Bxc4 26. Rxc4 b5 27. axb5 axb5 28. Rd4 Ra8 29. Rxa8 Rxa8 30. Be4 Nc3+ 31. Kf3 Nxe4 32. Kxe4 Ra2 33. Kf3 Rb2 34. h4 h5 35. g4 hxg4+ 36. Rxg4 g6 37. Rd4 Kg7 38. Rf4 Rc2 39. Rd4 Rb2 40. Kg3 g5 41. hxg5 Kg6 42. Rf4 Kxg5 43. Kf3 Kg6 44. Rf6+ Kg7 45. Rf4 Kg6 46. Kg4 Re2 47. Kf3 Rb2 1/2-1/2


[Site "https://www.chess.com"]

[Event "Titled Tuesday Blitz July 13 2021"]
[White "Buscar, Michael"]
[Black "Shevelev, Dmitri"]
[WhiteFideId "2603616"]
[BlackFideId "2802627"]
[WhiteElo "2010"]
[BlackElo "2262"]
[Result "0-1"]
[Round "10"]
[TimeControl "180+1"]
[Date "2021.07.13"]
[WhiteClock "0:01:01"]
[BlackClock "0:00:37"]

1. d4 g6 2. c4 Bg7 3. Nc3 c5 4. e3 cxd4 5. exd4 Nf6 6. Nf3 d5 7. c5 O-O 8. Be2 b6 9. O-O Nc6 10. Qa4 Bd7 11. Bb5 Qc7 12. Bg5 a6 13. Bxf6 axb5 14. Nxd5 Rxa4 15. Nxc7 Bxf6 16. d5 Nd4 17. c6 Nxf3+ 18. gxf3 Bh3 19. Rfd1 b4 20. Nb5 Ra5 21. a4 bxa3 22. Nxa3 Bxb2 23. Nc4 Rxa1 0-1


[Site "https://www.chess.com"]

[Event "Titled Tuesday Blitz July 13 2021"]
[White "Chigaev, Maksim"]
[Black "Djordjevic, Vuk"]
[WhiteFideId "4108116"]
[BlackFideId "902098"]
[WhiteElo "2646"]
[BlackElo "2463"]
[Result "1-0"]
[Round "10"]
[TimeControl "180+1"]
[Date "2021.07.13"]
[WhiteClock "0:00:38"]
[BlackClock "0:01:31"]

1. d4 Nf6 2. c4 e6 3. Nf3 b6 4. g3 Ba6 5. Qc2 Bb7 6. Bg2 c5 7. d5 exd5 8. cxd5 Nxd5 9. O-O Be7 10. Rd1 Qc8 11. a3 Nf6 12. Nc3 d5 13. Bf4 d4 14. Nb5 O-O 15. Nfxd4 Bxg2 16. Nf5 Qb7 17. Nxe7+ Kh8 18. Nc7 Bh3 19. f3 Na6 20. Ncd5 Rad8 21. Nxf6 Qxe7 22. Qxh7# 1-0


[Site "https://www.chess.com"]

[Event "Titled Tuesday Blitz July 13 2021"]
[White "Deviprasath, Sharvesh"]
[Black "Rodriguez Hernandez, Luis Daniel"]
[WhiteFideId "30938228"]
[BlackFideId "3506770"]
[WhiteElo "2102"]
[BlackElo "2133"]
[Result "0-1"]
[Round "10"]
[TimeControl "180+1"]
[Date "2021.07.13"]
[WhiteClock "0:00:16"]
[BlackClock "0:00:47"]

1. Nf3 Nf6 2. c4 g6 3. Nc3 Bg7 4. d4 O-O 5. Bg5 d6 6. Qd2 Nbd7 7. Bh6 c5 8. Bxg7 Kxg7 9. e4 cxd4 10. Nxd4 Nc5 11. f3 a5 12. O-O-O a4 13. g4 h5 14. g5 Nfd7 15. f4 e5 16. Ndb5 exf4 17. Qxd6 Qxg5 18. Rd5 Qf6 19. Qxf6+ Kxf6 20. Nd6 b6 21. e5+ Nxe5 22. Nce4+ Nxe4 23. Nxe4+ Ke6 24. Ng5+ Kf5 25. h4 Re8 26. Bh3+ Kf6 27. Ne4+ Kg7 28. Rg1 Bxh3 0-1


[Site "https://www.chess.com"]

[Event "Titled Tuesday Blitz July 13 2021"]
[White "Dolzhykova, Kateryna"]
[Black "Tejedor Fuente, Enrique"]
[WhiteFideId "14113414"]
[BlackFideId "2299100"]
[WhiteElo "2151"]
[BlackElo "2535"]
[Result "1-0"]
[Round "10"]
[TimeControl "180+1"]
[Date "2021.07.13"]
[WhiteClock "0:01:13"]
[BlackClock "0:00:02"]

1. e4 g6 2. d4 Bg7 3. Nc3 a6 4. f4 b5 5. a3 Bb7 6. Nf3 d6 7. Be2 Nd7 8. O-O c5 9. d5 b4 10. axb4 cxb4 11. Na4 Ngf6 12. Bd3 O-O 13. Be3 Ng4 14. Bd2 Nb6 15. Qe2 Nxa4 16. Rxa4 Bxb2 17. Rxb4 Bg7 18. Rxb7 a5 19. h3 Nf6 20. c4 a4 21. e5 Nd7 22. Ra1 Nc5 23. Rb5 Qc7 24. Be3 Nxd3 25. Qxd3 Rfc8 26. Rb4 Qa5 27. Rbxa4 Qxa4 28. Rxa4 Rxa4 29. c5 dxc5 30. d6 exd6 31. exd6 Ra1+ 32. Kh2 c4 33. d7 Rd8 34. Qxc4 Bf6 35. Ne5 Bxe5 36. fxe5 Raa8 37. e6 fxe6 38. Qxe6+ Kg7 39. Bd4+ Kh6 40. Qe3+ g5 41. Qe6+ Kh5 42. g4+ Kh4 43. Qh6# 1-0


[Site "https://www.chess.com"]

[Event "Titled Tuesday Blitz July 13 2021"]
[White "Dushyant Sharma"]
[Black "Yuan, Qingyu"]
[WhiteFideId "25065130"]
[BlackFideId "8609772"]
[WhiteElo "2019"]
[BlackElo "2359"]
[Result "1/2-1/2"]
[Round "10"]
[TimeControl "180+1"]
[Date "2021.07.13"]
[WhiteClock "0:00:04"]
[BlackClock "0:00:06"]

1. e4 c5 2. Nf3 d6 3. d4 cxd4 4. Nxd4 Nf6 5. Nc3 a6 6. f4 e5 7. Nf3 Nbd7 8. Bd3 Be7 9. O-O O-O 10. Kh1 b5 11. a3 Bb7 12. Qe1 Qc7 13. fxe5 Nxe5 14. Nd4 Rfe8 15. Bg5 Nxd3 16. cxd3 Nxe4 17. Bxe7 Nxc3 18. Nf5 Ne4 19. dxe4 Rxe7 20. Qg3 g6 21. Nxe7+ Qxe7 22. Rad1 Rd8 23. e5 d5 24. Qf4 Re8 25. Rde1 Qd7 26. e6 Rxe6 27. Qb8+ Qc8 28. Qf4 Qe8 29. Rxe6 Qxe6 30. Qb8+ Qc8 31. Qd6 Qe6 32. Qc7 Bc6 33. Rc1 Be8 34. h3 d4 35. Qc5 Qe3 36. Rd1 Qe2 37. Qxd4 Bc6 38. Qd8+ Kg7 39. Qd4+ Kg8 40. Qd8+ Kg7 41. Qd4+ Kg8 1/2-1/2


[Site "https://www.chess.com"]

[Event "Titled Tuesday Blitz July 13 2021"]
[White "Elgersma, Onno"]
[Black "Tong, Hai Anh"]
[WhiteFideId "1053531"]
[BlackFideId "12412805"]
[WhiteElo "2453"]
[BlackElo "1467"]
[Result "1-0"]
[Round "10"]
[TimeControl "180+1"]
[Date "2021.07.13"]
[WhiteClock "0:00:18"]
[BlackClock "0:00:05"]

1. d4 d5 2. Nf3 Nf6 3. g3 Bf5 4. Bg2 e6 5. O-O Nbd7 6. c4 h6 7. Nc3 Be7 8. Nd2 O-O 9. cxd5 exd5 10. Nxd5 Nxd5 11. Bxd5 c6 12. Bg2 Nf6 13. Nf3 Bd6 14. b3 Re8 15. Bb2 Nd5 16. Nd2 Bg6 17. e4 Nb6 18. f4 Bh7 19. e5 Bb4 20. f5 Nd5 21. Nc4 b5 22. a3 Bf8 23. Nd2 Ne3 24. Qh5 Nxf1 25. Rxf1 g6 26. fxg6 fxg6 27. Qg4 Bg7 28. Bxc6 Rc8 29. Bxe8 Qxe8 30. Ne4 Rc2 31. Rf2 Qc6 32. d5 Qb6 33. Qe6+ Qxe6 34. dxe6 Rxf2 35. Kxf2 g5 36. Nd6 Kf8 37. Nxb5 Ke7 38. Nxa7 Kxe6 39. Nc6 Bf8 40. b4 Kd5 41. Nd8 Bg8 42. Ke3 Be7 43. Nb7 Kc6 44. Na5+ Kb5 45. Ke4 Be6 46. Bd4 h5 47. Nb7 Kc4 48. Bc5 Bd5+ 49. Ke3 Bxb7 50. Bxe7 Bd5 51. h4 gxh4 52. gxh4 Be6 53. Kf4 Kd5 54. a4 Kc4 55. b5 Kd5 56. b6 Kc6 57. a5 Kb7 58. Kg5 Bg4 59. Kf6 Ka6 60. Bb4 Kb7 61. Be1 Kc6 62. e6 Kd6 63. e7 Bd7 64. b7 Kc7 65. a6 Kb8 66. Bg3+ Ka7 67. b8=Q+ Kxa6 68. e8=Q Be6 69. Qeb5# 1-0


[Site "https://www.chess.com"]

[Event "Titled Tuesday Blitz July 13 2021"]
[White "Florescu, Codrut-Constantin"]
[Black "Szente Varga, Fruzsina"]
[WhiteFideId "1202200"]
[BlackFideId "712264"]
[WhiteElo "2243"]
[BlackElo "2106"]
[Result "1-0"]
[Round "10"]
[TimeControl "180+1"]
[Date "2021.07.13"]
[WhiteClock "0:01:10"]
[BlackClock "0:00:36"]

1. d4 Nf6 2. c4 g6 3. Nc3 Bg7 4. e4 d6 5. f3 O-O 6. Bg5 c5 7. d5 e6 8. Qd2 Qb6 9. Bd3 exd5 10. exd5 Re8+ 11. Nge2 Nbd7 12. b3 Ne5 13. Bc2 Bd7 14. O-O a6 15. h3 Bc8 16. f4 Ned7 17. g4 h6 18. Bh4 Nh7 19. Bg3 Qb4 20. a3 Rxe2 21. Qxe2 Qxc3 22. Kg2 Ndf8 23. Rae1 Bd7 24. Qd3 Qa5 25. f5 Qxa3 26. fxg6 Nxg6 27. Rxf7 Be8 28. Rxe8+ Rxe8 29. Qxg6 Qb2 30. Rxg7+ Qxg7 31. Qxe8+ Nf8 32. Bxd6 1-0


[Site "https://www.chess.com"]

[Event "Titled Tuesday Blitz July 13 2021"]
[White "Gabdushev, Ruslan"]
[Black "Allahverdiyeva, Ayan"]
[WhiteFideId "4137833"]
[BlackFideId "13412590"]
[WhiteElo "2312"]
[BlackElo "1910"]
[Result "1-0"]
[Round "10"]
[TimeControl "180+1"]
[Date "2021.07.13"]
[WhiteClock "0:01:01"]
[BlackClock "0:00:01"]

1. b3 e5 2. Bb2 Nc6 3. e3 Nf6 4. Bb5 Bd6 5. Na3 Na5 6. Be2 O-O 7. Nb5 Nc6 8. Nxd6 cxd6 9. Nh3 Re8 10. f4 Ne4 11. O-O Qh4 12. d3 Nc5 13. e4 f6 14. Bg4 Ne6 15. g3 Qh6 16. Bc1 exf4 17. gxf4 Ned4 18. c3 f5 19. Bh5 Rf8 20. cxd4 Nxd4 21. Be3 Ne6 22. exf5 Rxf5 23. Bg4 Rf8 24. Qe2 b6 25. f5 Qh4 26. fxe6 Bb7 27. Bg5 1-0


[Site "https://www.chess.com"]

[Event "Titled Tuesday Blitz July 13 2021"]
[White "Gabrielian, Artur"]
[Black "Iskusnyh, Sergei"]
[WhiteFideId "4131002"]
[BlackFideId "4120027"]
[WhiteElo "2523"]
[BlackElo "2492"]
[Result "1-0"]
[Round "10"]
[TimeControl "180+1"]
[Date "2021.07.13"]
[WhiteClock "0:00:08"]
[BlackClock "0:00:02"]

1. d4 d5 2. c4 e6 3. Nc3 dxc4 4. e3 c5 5. Bxc4 Nf6 6. Nf3 a6 7. a4 Nc6 8. O-O Qc7 9. d5 exd5 10. Nxd5 Nxd5 11. Bxd5 Be7 12. e4 O-O 13. h3 Nb4 14. Bc4 Bd7 15. Qe2 Bc6 16. Bd2 Bf6 17. Bc3 Qf4 18. Rfe1 Rae8 19. Bxf6 Qxf6 20. e5 Qf4 21. Rad1 Bxa4 22. Rd6 Bc6 23. e6 fxe6 24. Rxe6 Rxe6 25. Qxe6+ Kh8 26. Re3 Nc2 27. g3 Qf6 28. Qxf6 Rxf6 29. Rc3 Rxf3 30. Rxc2 b5 31. Bf1 c4 32. Rd2 Rf8 33. Rd6 Bb7 34. Rb6 Bf3 35. h4 g6 36. Rxa6 Rd8 37. Rf6 Be4 38. Re6 Bf5 39. Re5 Rd1 40. Kg2 Bh3+ 41. Kxh3 Rxf1 42. Kg2 Rb1 43. Rxb5 c3 44. Rc5 cxb2 45. Rb5 h5 46. Kf3 Kg7 47. Kf4 Kf6 48. Rb6+ Kf7 49. Kg5 Re1 50. Rb7+ Re7 51. Rxb2 Re5+ 52. Kh6 Re6 53. Rb3 Rc6 54. Rf3+ Kg8 55. Rf4 Rd6 56. Rb4 Kf7 57. f3 Rc6 58. Rb7+ Kf6 59. Rg7 Kf5 60. Rf7+ Ke5 61. Rf4 Rb6 62. Kg5 Rc6 63. Re4+ Kd5 64. Re8 Rb6 65. f4 Ra6 66. Re5+ Kd4 67. Re8 Rb6 68. Rg8 Rb3 69. Rxg6 Rxg3+ 70. Kxh5 Rf3 71. Kg4 Rf1 72. Re6 Kd5 73. Re8 Kd6 74. h5 Kd7 75. Re5 Rg1+ 76. Kf5 Rh1 77. Kg6 Rg1+ 78. Rg5 Rh1 79. h6 Ke7 80. Rf5 Ke6 81. Rf6+ Ke7 82. Rf7+ Ke8 83. Ra7 Rg1+ 84. Kf6 Rh1 85. Ra8+ Kd7 86. Rh8 Rh2 87. f5 Rh1 88. Kf7 Rh2 89. f6 Rh3 90. Kg7 Rg3+ 91. Kf7 Rh3 92. Ra8 Rxh6 93. Ra2 Rh1 94. Rd2+ Kc7 95. Ke7 Re1+ 96. Kf8 Re3 97. f7 Rg3 98. Rd4 Kc8 99. Ke7 Re3+ 100. Kf6 Rf3+ 101. Ke6 Rxf7 102. Kxf7 1-0


[Site "https://www.chess.com"]

[Event "Titled Tuesday Blitz July 13 2021"]
[White "Garcia, Gabriel Gonzaga"]
[Black "Wilson, Elvin"]
[WhiteFideId "2138956"]
[BlackFideId "2014874"]
[WhiteElo "2240"]
[BlackElo "2309"]
[Result "1/2-1/2"]
[Round "10"]
[TimeControl "180+1"]
[Date "2021.07.13"]
[WhiteClock "0:00:46"]
[BlackClock "0:00:15"]

1. e4 e6 2. Nf3 d5 3. Nc3 Nf6 4. e5 Nfd7 5. d4 c5 6. dxc5 Nc6 7. Bf4 Bxc5 8. Bd3 f6 9. exf6 Qxf6 10. Bg5 Qf7 11. Bh4 h6 12. Bg3 O-O 13. O-O a6 14. a3 Qf6 15. Re1 Nd4 16. Nxd4 Bxd4 17. Qd2 Nc5 18. Bf1 Bd7 19. Rad1 Bxc3 20. bxc3 Ne4 21. Rxe4 dxe4 22. Bc4 Bc6 23. Qe3 Bd5 24. Bxd5 exd5 25. Rxd5 Rad8 26. Rd4 Rxd4 27. cxd4 Qe6 28. Be5 Qf5 29. Qg3 Rf7 30. h3 b5 31. d5 Re7 32. d6 Rxe5 33. d7 Rd5 34. Qb8+ Qf8 35. Qe8 a5 36. Qe6+ Qf7 37. Qe8+ Qf8 38. Qe6+ Qf7 39. Qe8+ Qf8 1/2-1/2


[Site "https://www.chess.com"]

[Event "Titled Tuesday Blitz July 13 2021"]
[White "Gelman, Alexander"]
[Black "Tanenbaum, Zachary"]
[WhiteFideId "4118316"]
[BlackFideId "2060850"]
[WhiteElo "2375"]
[BlackElo "2165"]
[Result "0-1"]
[Round "10"]
[TimeControl "180+1"]
[Date "2021.07.13"]
[WhiteClock "0:00:32"]
[BlackClock "0:01:07"]

1. d4 d5 2. Nc3 Nf6 3. Bf4 a6 4. e3 Bf5 5. Nf3 e6 6. Ne5 h6 7. g4 Be4 8. f3 Bh7 9. h4 Nfd7 10. Qd2 Nxe5 11. Bxe5 Nd7 12. Bh2 Qxh4+ 13. Ke2 c5 14. Bg2 Qd8 15. Rad1 Rc8 16. Kf2 cxd4 17. exd4 Bb4 18. Bf4 Qa5 19. g5 Bxc3 20. bxc3 hxg5 21. Bxg5 Qxc3 22. Qe2 Qxc2 23. Rd2 Qc4 24. Qe3 O-O 25. Bf1 Qb4 26. Kg3 Rc3 27. Qf4 f6 28. Qh4 Rxf3+ 29. Kg2 Be4 30. Kg1 Rxf1+ 31. Kxf1 fxg5+ 0-1


[Site "https://www.chess.com"]

[Event "Titled Tuesday Blitz July 13 2021"]
[White "Gracia Alvarez, Gerardo Antonio"]
[Black "Manukian, Artak"]
[WhiteFideId "5109124"]
[BlackFideId "13301373"]
[WhiteElo "2148"]
[BlackElo "2371"]
[Result "0-1"]
[Round "10"]
[TimeControl "180+1"]
[Date "2021.07.13"]
[WhiteClock "0:00:05"]
[BlackClock "0:01:03"]

1. e4 c6 2. c4 d5 3. cxd5 cxd5 4. exd5 Nf6 5. Qa4+ Nbd7 6. Nc3 g6 7. Bc4 Bg7 8. Nf3 O-O 9. d3 Nb6 10. Qb3 Bf5 11. O-O Rc8 12. Re1 Nxc4 13. dxc4 Bd3 14. Ne5 Bf5 15. Qxb7 h5 16. Nc6 Qd6 17. Nxe7+ Kh7 18. Nxc8 Bxc8 19. Qc6 Qb4 20. a3 Qb3 21. Qb5 Qc2 22. Re2 Qd3 23. Rd2 Qf5 24. d6 Qe6 25. Rd1 Bd7 26. Qb4 Ng4 27. Bf4 Qf5 28. c5 Rb8 29. Qe4 Rxb2 30. Qxf5 gxf5 31. Rd2 Bxc3 32. Rxb2 Bxb2 33. Rb1 Bd4 34. Rb7 Bxf2+ 35. Kf1 Bc6 36. Rxf7+ Kg6 37. Rc7 Bb5# 0-1


[Site "https://www.chess.com"]

[Event "Titled Tuesday Blitz July 13 2021"]
[White "Grebeniuk, Semen"]
[Black "Omariev, Maksim"]
[WhiteFideId "14117509"]
[BlackFideId "4193423"]
[WhiteElo "2232"]
[BlackElo "2398"]
[Result "0-1"]
[Round "10"]
[TimeControl "180+1"]
[Date "2021.07.13"]
[WhiteClock "0:00:02"]
[BlackClock "0:00:08"]

1. d4 c6 2. c4 d5 3. cxd5 cxd5 4. Bf4 Nc6 5. e3 Nf6 6. Nc3 a6 7. Bd3 Bg4 8. f3 Bh5 9. Rc1 Qb6 10. Nge2 e6 11. O-O Be7 12. Na4 Qa5 13. a3 O-O 14. b4 Qd8 15. Nc5 Bxc5 16. bxc5 b5 17. cxb6 Qxb6 18. Qa4 Rfc8 19. Rb1 Qa5 20. Qxa5 Nxa5 21. Rfc1 Bg6 22. Bxg6 hxg6 23. Kf2 Rxc1 24. Rxc1 Nc4 25. a4 Nb2 26. Ra1 Rc8 27. Bd6 a5 28. Bc5 Nd7 29. Ba3 Nd3+ 30. Kg3 Rc2 31. Nf4 Nxf4 32. exf4 Nb6 33. Bc5 Nc4 34. Rb1 Ne3 35. Rb8+ Kh7 36. Ra8 Rxg2+ 37. Kh3 Ra2 38. Rxa5 Nf1 39. f5 Rxh2+ 40. Kg4 gxf5+ 41. Kf4 f6 42. Bd6 g5# 0-1


[Site "https://www.chess.com"]

[Event "Titled Tuesday Blitz July 13 2021"]
[White "Gusarov, Grigory"]
[Black "Borisova, Ekaterina"]
[WhiteFideId "24102172"]
[BlackFideId "34124184"]
[WhiteElo "2269"]
[BlackElo "2021"]
[Result "0-1"]
[Round "10"]
[TimeControl "180+1"]
[Date "2021.07.13"]
[WhiteClock "0:00:06"]
[BlackClock "0:00:20"]

1. d4 Nf6 2. Nf3 g6 3. c4 Bg7 4. g3 O-O 5. Bg2 d5 6. cxd5 Nxd5 7. O-O Nc6 8. Nc3 Nb6 9. e3 Re8 10. Qe2 a5 11. Rd1 a4 12. h3 Ra5 13. Rb1 Bd7 14. e4 Qc8 15. Kh2 e5 16. d5 Nd4 17. Qf1 c6 18. Be3 cxd5 19. Nxd4 exd4 20. Bxd4 Bxd4 21. Rxd4 a3 22. Nxd5 Nxd5 23. Rxd5 Rxd5 24. exd5 Bf5 25. bxa3 Bxb1 26. Qxb1 Qc7 27. Qb5 Rd8 28. a4 Rd6 29. Qe8+ Kg7 30. Qe5+ f6 31. Qb2 h5 32. h4 Qb6 33. Qe2 Rd7 34. Bh3 Rc7 35. Bg2 Qd6 36. Qb2 Kh7 37. a5 Kh6 38. Qb6 Rd7 39. Qe3+ Kg7 40. a4 Re7 41. Qd4 Qe5 42. Qxe5 fxe5 43. Bh3 Kf6 44. d6 Re8 45. Kg2 Rd8 46. d7 Ke7 47. Kf3 Ra8 48. Ke4 Rxa5 49. Be6 b6 50. Bf7 Kxd7 51. Bxg6 Kd6 52. Bxh5 Rxa4+ 53. Kf5 Ra3 54. Bd1 b5 55. h5 Rd3 56. Bc2 Rd2 57. Be4 Rxf2+ 58. Kg6 Rh2 59. h6 Kc5 60. h7 Kd4 61. Bc6 b4 62. Bf3 Rxh7 63. Kxh7 b3 64. Bd1 b2 65. Bc2 e4 66. g4 e3 67. g5 e2 68. g6 e1=Q 69. g7 Qh4+ 70. Kg8 Kc3 71. Bb1 Kd2 72. Kf7 Qf4+ 73. Ke7 Qe5+ 74. Kf7 Qc7+ 75. Kf8 Qd6+ 76. Kf7 Qd5+ 77. Kf8 Qc5+ 78. Kf7 Qc4+ 79. Kf8 Qf4+ 80. Ke8 Qg5 81. Kf7 Qh5+ 82. Kf8 Qh6 83. Kf7 Qf4+ 84. Ke7 Qe5+ 85. Kf7 Kc1 86. g8=Q Qd5+ 87. Kg7 Qxg8+ 88. Kxg8 Kxb1 89. Kf7 Kc1 90. Ke6 b1=Q 91. Kd5 Qc2 0-1


[Site "https://www.chess.com"]

[Event "Titled Tuesday Blitz July 13 2021"]
[White "Hansen, Sune Berg"]
[Black "Obolentseva, Alexandra"]
[WhiteFideId "1400266"]
[BlackFideId "24153648"]
[WhiteElo "2628"]
[BlackElo "2113"]
[Result "1-0"]
[Round "10"]
[TimeControl "180+1"]
[Date "2021.07.13"]
[WhiteClock "0:00:53"]
[BlackClock "0:00:17"]

1. e4 c5 2. Nc3 d6 3. d4 cxd4 4. Qxd4 Nc6 5. Qd2 Nf6 6. b3 g6 7. Bb2 Bg7 8. O-O-O O-O 9. Kb1 a6 10. f3 b5 11. g4 Bb7 12. g5 Nd7 13. h4 Re8 14. h5 Nf8 15. hxg6 fxg6 16. Nge2 Ne5 17. f4 Ng4 18. Ng3 Qb6 19. Nd5 Bxd5 20. Qxd5+ e6 21. Qxd6 Qxd6 22. Rxd6 Red8 23. Rxd8 Rxd8 24. Be2 Bxb2 25. Kxb2 Ne3 26. Bd3 e5 27. f5 Ng2 28. a4 Nf4 29. Rd1 Nxd3+ 30. Rxd3 Rxd3 31. cxd3 Kf7 32. axb5 axb5 33. Kc3 gxf5 34. exf5 Nd7 35. Kb4 Nb6 36. Kc5 Nd7+ 37. Kxb5 e4 38. Nxe4 Ne5 39. d4 Nf3 40. Kc5 Ke7 41. b4 1-0


[Site "https://www.chess.com"]

[Event "Titled Tuesday Blitz July 13 2021"]
[White "Hebden, Mark L"]
[Black "Horak, Martin"]
[WhiteFideId "400084"]
[BlackFideId "367095"]
[WhiteElo "2457"]
[BlackElo "1997"]
[Result "1-0"]
[Round "10"]
[TimeControl "180+1"]
[Date "2021.07.13"]
[WhiteClock "0:01:53"]
[BlackClock "0:00:32"]

1. d4 Nf6 2. Nf3 e6 3. c3 d5 4. Bg5 c5 5. e3 Qb6 6. Qb3 Nc6 7. Nbd2 Bd6 8. dxc5 Bxc5 9. Bd3 O-O 10. O-O Bd7 11. Qc2 Kh8 12. Rad1 Rac8 13. a3 Be7 14. e4 Nxe4 15. Nxe4 dxe4 16. Bxe4 Rcd8 17. Bxc6 1-0


[Site "https://www.chess.com"]

[Event "Titled Tuesday Blitz July 13 2021"]
[White "Howell, David W L"]
[Black "Nakamura, Hikaru"]
[WhiteFideId "410608"]
[BlackFideId "2016192"]
[WhiteElo "2643"]
[BlackElo "2900"]
[Result "1/2-1/2"]
[Round "10"]
[TimeControl "180+1"]
[Date "2021.07.13"]
[WhiteClock "0:00:45"]
[BlackClock "0:00:34"]

1. d4 Nf6 2. c4 e6 3. Nc3 Bb4 4. Qc2 O-O 5. a3 Bxc3+ 6. Qxc3 d5 7. Nf3 dxc4 8. Qxc4 b6 9. Bg5 Ba6 10. Qa4 Qe7 11. Rc1 Rd8 12. e3 Bxf1 13. Kxf1 h6 14. Bxf6 gxf6 15. Ke2 c6 16. Rhd1 a6 17. Kf1 Ra7 18. Qb3 Rb7 19. Rd2 Rc8 20. Rdc2 c5 21. dxc5 Rxc5 22. Rxc5 bxc5 23. Qc2 Nd7 24. Nd2 Qd6 25. Kg1 Qd5 26. h3 Kg7 27. Nc4 Ne5 28. Qe2 Nxc4 29. Qxc4 Qxc4 30. Rxc4 Rxb2 31. Rxc5 Rb1+ 32. Kh2 Rb6 33. g4 Kg6 34. Kg3 Kg7 35. h4 Rb3 36. Ra5 Rb6 37. Kf4 Rb2 38. Kg3 Rb6 39. f3 Rb3 40. e4 Rb6 41. Kf4 Kf8 42. h5 Ke7 43. Kg3 Rc6 44. Kf4 Rb6 45. Ke3 Rb3+ 46. Kf4 Rb6 1/2-1/2


[Site "https://www.chess.com"]

[Event "Titled Tuesday Blitz July 13 2021"]
[White "Ibrahimli, Murad"]
[Black "Csonka, Balazs"]
[WhiteFideId "13410229"]
[BlackFideId "742910"]
[WhiteElo "2109"]
[BlackElo "2404"]
[Result "1/2-1/2"]
[Round "10"]
[TimeControl "180+1"]
[Date "2021.07.13"]
[WhiteClock "0:00:14"]
[BlackClock "0:00:08"]

1. Nf3 e6 2. g3 b6 3. Bg2 Bb7 4. O-O Nf6 5. c4 Be7 6. Nc3 O-O 7. Re1 Ne4 8. Nxe4 Bxe4 9. d3 Bb7 10. d4 Be4 11. Bf1 Bxf3 12. exf3 d5 13. cxd5 Qxd5 14. f4 Qd7 15. Bg2 c6 16. Be3 Na6 17. Qa4 Nb4 18. a3 Nd5 19. Bd2 Bf6 20. Rac1 Rac8 21. h4 h5 22. Rc2 Rfd8 23. Rec1 Ne7 24. d5 Nxd5 25. Bf3 g6 26. b4 Rc7 27. Kg2 Rdc8 28. Be2 b5 29. Qb3 Be7 30. Bf3 a6 31. a4 c5 32. bxc5 Rxc5 33. Rxc5 Rxc5 34. Ra1 Bf6 35. Ra2 Qc6 36. axb5 Rxb5 37. Qd3 Kg7 38. Qe4 Qd7 39. Rc2 Rb2 40. Rxb2 Bxb2 41. Qc4 Bf6 42. Qxa6 Ne7 43. Qe2 Nf5 44. Be4 Nd4 45. Qd3 Qd8 46. Be3 Nf5 47. Qxd8 Nxe3+ 48. fxe3 Bxd8 49. Kf3 f5 50. Bd3 Kf6 51. Bc4 Bc7 52. e4 fxe4+ 53. Kxe4 e5 54. fxe5+ Bxe5 55. Kf3 g5 56. hxg5+ Kxg5 57. Bf7 Bxg3 58. Kxg3 h4+ 59. Kh3 Kh6 60. Kxh4 1/2-1/2


[Site "https://www.chess.com"]

[Event "Titled Tuesday Blitz July 13 2021"]
[White "Janaszak, Dawid"]
[Black "Bugayev, Vladimir"]
[WhiteFideId "1119206"]
[BlackFideId "30901480"]
[WhiteElo "2332"]
[BlackElo "2363"]
[Result "1-0"]
[Round "10"]
[TimeControl "180+1"]
[Date "2021.07.13"]
[WhiteClock "0:01:35"]
[BlackClock "0:00:34"]

1. e4 c6 2. d4 d5 3. exd5 cxd5 4. Bd3 Nc6 5. c3 Nf6 6. Bf4 Bg4 7. Qb3 Qd7 8. Nd2 e6 9. Ngf3 Bd6 10. Bxd6 Qxd6 11. O-O O-O 12. Rae1 Ne7 13. Ne5 Bf5 14. Ndf3 Bxd3 15. Nxd3 Ne4 16. Re2 Qc7 17. Nd2 Nxd2 18. Rxd2 Nf5 19. g3 Nd6 20. f3 Qc4 21. Ne5 Qxb3 22. axb3 Rfc8 23. Ra1 a6 24. Kf2 f6 25. Nd7 Rc6 26. Nc5 Rac8 27. Nxe6 b6 28. Nf4 Nf5 29. Nxd5 Re8 30. Nb4 Rce6 31. d5 Re3 32. d6 1-0


[Site "https://www.chess.com"]